 Dungeon Sprint DCSS version 0.29-a0-323-g050149af67 (webtiles) character file.

Game seed: 13195179728606525289

470675 mhtbhm the Merfolkian Porcupine (level 21, -8/204 HPs)
             Began as a Merfolk Berserker on Apr 10, 2022.
             Was the Champion of Trog.
             Killed from afar by Gloorx Vloq (15 damage)
             ... with a foul vapour
             ... in the Dungeon (Sprint IX: "|||||||||||||||||||||||||||||").
             The game lasted 00:34:29 (16244 turns).

mhtbhm the Merfolkian Porcupine (MfBe)             Turns: 16244, Time: 00:34:30

Health: -8/204     AC: 38    Str: 28    XL:     21   Next: 24%
Magic:  14/28      EV: 17    Int: 10    God:    Trog [******]
Gold:   694        SH: 18    Dex: 15    Spells: 20/20 levels left

rFire   + + +      SeeInvis .   s - +9 demon trident (vamp)
rCold   + + +      Faith    .   n - +0 kite shield {reflect}
rNeg    . . .      Spirit   .   b - +2 gold dragon scales
rPois   +          Reflect  +   (no helmet)
rElec   .          Harm     .   v - +0 cloak of Mumblety Peg {Rampage rPois Slay+3}
rCorr   +          Rampage  +   k - +2 pair of gloves {infuse}
Will    ++++.      NoTele   +   y - +1 pair of boots of Liavizug {Str+2}
Stlth   +++.......              e - amulet of regeneration
HPRegen 2.24/turn               N - ring of Biesut {Drain rF+ Will+ Int+3 Stlth+}
MPRegen 0.21/turn               r - ring of resist corrosion

@: lethally poisoned (-8 -> -18), strong-willed (expiring), on berserk cooldown,
regenerating (expiring), hasted and slowed
A: (nimble swimmer 2), mertail, cold resistance 2, deterioration 1, fire
resistance 1
}: 9/17 runes: decaying, serpentine, barnacled, slimy, elven, silver, golden,
abyssal, gossamer
a: Renounce Religion, Berserk, Trog's Hand, Brothers in Arms


You were in the Dungeon.
You worshipped Trog.
Trog was exalted by your worship.
You visited 1 branch You collected 2013 gold pieces.
You spent 1319 gold pieces at shops.

Inventory:

Hand Weapons
 a - the +8 glaive of Revolt {flame, *Corrode rC+ rN+ Dex+3}
   (Trog gifted it to you in the Dungeon)

   It burns those it strikes, dealing additional fire damage.
   Big, fiery blades are also staple armaments of hydra-hunters.
   Dex:       It affects your dexterity (+3).
   rC:        It protects you from cold.
   rN:        It protects you from negative energy.
   *Corrode:  It may corrode you when you take damage.
 s - a +9 vampiric demon trident (weapon)
 x - a +4 demon trident of flaming
 C - a +9 vorpal bardiche
 I - the +4 spear "Zeaga" {vorpal, Fragile rCorr Str+6 SInv}
   (Trog gifted it to you in the Dungeon)

   It inflicts extra damage upon your enemies.
   Str:       It affects your strength (+6).
   SInv:      It lets you see invisible.
   rCorr:     It protects you from acid and corrosion.
   Fragile:   It will be destroyed if unequipped.
 P - the +5 demon trident of True Grit {freeze, Dex+6}
   (You found it in the Dungeon)

   It freezes those it strikes, dealing additional cold damage.
   It can also slow down cold-blooded creatures.
   Dex:       It affects your dexterity (+6).
Missiles
 B - 2 throwing nets
 D - 6 javelins (quivered)
Armour
 b - +2 gold dragon scales (worn)
 k - a +2 pair of gloves of infusion (worn)
 n - a +0 kite shield of reflection (worn)
 v - the +0 cloak of Mumblety Peg (worn) {Rampage rPois Slay+3}
   (You found it in the Dungeon)

   Slay:      It affects your accuracy & damage with ranged weapons and melee
   (+3).
   rPois:     It protects you from poison.
   Rampage:   It bestows one free step when moving towards enemies.
 y - the +1 pair of boots of Liavizug (worn) {Str+2}
   (You bought it in a shop in the Dungeon)

   Str:       It affects your strength (+2).
Jewellery
 c - a +4 ring of evasion
 e - an amulet of regeneration (around neck)
 h - a +4 ring of protection
 r - a ring of resist corrosion (right hand)
 F - a ring of protection from fire
 K - the ring of Pooti {Fire Stlth+}
   (You found it in the Dungeon)

   [ring of fire]

   It enhances your fire magic.
   rF:        It protects you from fire.
   rC:        It makes you vulnerable to cold.
   Stlth:     It makes you more stealthy.
 L - the ring "Ferut" {*Slow rPois rF+ Int+2 Dex+3}
   (You found it in the Dungeon)

   [ring of dexterity]

   Int:       It affects your intelligence (+2).
   Dex:       It affects your dexterity (+3).
   rF:        It protects you from fire.
   rPois:     It protects you from poison.
   *Slow:     It may slow you when you take damage.
 M - the amulet of Osirchy {Reflect Harm Str+2 Slay+2 SH+5}
   (You found it in the Dungeon)

   [amulet of reflection]

   It reflects blocked missile attacks.
   Str:       It affects your strength (+2).
   Slay:      It affects your accuracy & damage with ranged weapons and melee
   (+2).
   SH:        It affects your SH (+5).
   Harm:      It increases damage dealt and taken.
 N - the ring of Biesut (left hand) {Drain rF+ Will+ Int+3 Stlth+}
   (You found it in the Dungeon)

   [ring of intelligence]

   Int:       It affects your intelligence (+3).
   rF:        It protects you from fire.
   Drain:     It drains your maximum health when unequipped.
   Will:      It increases your willpower.
   Stlth:     It makes you more stealthy.
 O - the ring of the Turtle {Fire Int+3}
   (You found it in the Dungeon)

   [ring of fire]

   It enhances your fire magic.
   Int:       It affects your intelligence (+3).
   rF:        It protects you from fire.
   rC:        It makes you vulnerable to cold.
Wands
 j - a wand of iceblast (7)
 m - a wand of polymorph (12)
 p - a wand of flame (25)
 J - a wand of mindburst (5)
Scrolls
 i - a scroll of holy word
 q - 7 scrolls of fear
 A - 2 scrolls of identify
 Q - a scroll of fog
 R - a scroll of blinking
Potions
 d - a potion of invisibility
 f - 10 potions of magic
 g - 6 potions of berserk rage
 o - 7 potions of mutation
 t - a potion of ambrosia
 u - 2 potions of curing
 E - 5 potions of heal wounds
 G - a potion of flight
 H - a potion of attraction
 S - 4 potions of haste
Miscellaneous
 l - the horn of Geryon
 z - a condenser vane


   Skills:
 O Level 27 Fighting
 + Level 11.7(13.5) Short Blades
 + Level 11.1(13.3) Long Blades
 + Level 7.8(15.0) Axes
 + Level 7.8(10.6) Maces & Flails
 O Level 27 Polearms
 + Level 7.8(15.0) Staves
 + Level 7.8(17.0) Slings
 + Level 7.8 Bows
 + Level 7.8 Crossbows
 O Level 27 Throwing
 O Level 27 Armour
 + Level 23.9 Dodging
 O Level 27 Stealth
 O Level 27 Shields
 + Level 10.3 Unarmed Combat
 + Level 10.3 Invocations
 O Level 27 Evocations


You had 20 spell levels left.
You didn't know any spells.
Your spell library was empty.

Dungeon Overview and Level Annotations

Branches:
Dungeon (1/1)

Altars:
Cheibriados
Dithmenos
Elyvilon
Fedhas
Gozag
Hepliaklqana
Kikubaaqudgha
Makhleb
Nemelex Xobeh
Okawaru
Qazlal
Ru
Sif Muna
Trog
Uskayaw
Vehumet
Wu Jian
Xom
Yredelemnul
Zin
The Shining One
Beogh
Jiyva
Lugonu

Shops:
D ([*[

Annotations:
D Cerebov, Dispater, Gloorx Vloq, Lom Lobon


Innate Abilities, Weirdness & Mutations

((You are very nimble when in or above water. (Stealth+, EV+, Speed+++)))
Your lower body shifts to a powerful aquatic tail in water.
Your flesh is very cold resistant. (rC++)
Your body sometimes deteriorates upon taking damage.
Your flesh is heat resistant. (rF+)


Message History

The Executioner hits you.
* * * LOW HITPOINT WARNING * * *
Unknown command.
You hit Gloorx Vloq.
Gloorx Vloq is severely wounded.
Unknown command.
You barely miss Gloorx Vloq.
Gloorx Vloq is severely wounded.
You are no longer berserk.
You are exhausted.
You feel yourself slow down.
You feel sick.
The Executioner gestures.
The Executioner seems to speed up.
Gloorx Vloq gestures at you.
The foul vapour engulfs you but does no damage.
Lom Lobon screams, "I shall devour thy inner light!"
You puncture Gloorx Vloq!
Gloorx Vloq is severely wounded.
You are engulfed in dark miasma.
You are more poisoned.
* * * LOW HITPOINT WARNING * * *
You feel very sick. You block the Executioner's attack.
The Executioner hits you but does no damage. x2
You block Gloorx Vloq's attack. The Executioner hits you!
* * * LOW HITPOINT WARNING * * *
The Executioner hits you but does no damage. x2
Cerebov gestures.
You impale Gloorx Vloq!!
Gloorx Vloq is severely wounded.
You are engulfed in dark miasma.
* * * LOW HITPOINT WARNING * * *
You feel the effects of Trog's Hand fading.
* * * LOW HITPOINT WARNING * * *
You feel very sick.
The Executioner hits you but does no damage.
You block the Executioner's attack. The Executioner closely misses you.
Gloorx Vloq gestures at you. The foul vapour engulfs you!
You die...

[▓.▓.▓.▓.▓.▓.▓.▓
)▓.▓.▓.▓.▓.▓.▓.▓&▓
.▓.▓.▓.▓.▓.▓.▓.▓&▓
.▓.▓†▓.▓.▓.▓)▓.▓1▓
.▓.▓)▓.▓)▓.▓'▓.▓1▓
)▓.▓.▓.▓.▓.▓.▓.▓1▓
)▓.▓)▓.▓)▓.▓.▓.▓&▓
[▓.▓)▓.▓.▓.▓.▓.▓&▓
[▓.▓.▓.▓.▓.▓.▓.▓@▓
)▓.▓.▓.▓.▓.▓.▓.▓1▓
)▓.▓)▓.▓.▓.▓.▓.▓○▓
)▓.▓.▓.▓'▓.▓.▓.▓○▓
.▓.▓.▓.▓)▓.▓.▓.▓○▓
.▓.▓.▓.▓.▓.▓.▓.▓○▓
.▓.▓.▓.▓.▓.▓)▓.▓.▓
.▓.▓)▓.▓.▓.▓.▓.▓.▓
)▓.▓.▓.▓.▓.▓.▓.▓.▓


You could see Cerebov (fast), Dispater, Lom Lobon (gusty), Gloorx Vloq, a Hell
Sentinel (summoned) and 3 Executioners.

Vanquished Creatures
  the Royal Jelly (D)
  Mnoleg (D)
  3 orbs of fire (D)
  6 ancient liches (D)
  Mara (D)
  6 royal mummies (D)
  Sojobo (D)
  Frederick (D)
  Saint Roka (D)
  Xtahua (D)
  Geryon (D)
  3 golden dragons (D)
  Nikola (D)
  3 bone dragons (D)
  2 electric golems (D)
  3 tentacled monstrosities (D)
  A lich (D)
  27 Orb Guardians (D)
  3 titans (D)
  2 death cobs (D)
  2 deep elf master archers (D)
  4 deep elf blademasters (D)
  9 acid blobs (D)
  5 quicksilver dragons (D)
  13 sphinxes (D)
  3 tengu reavers (D)
  7 shadow dragons (D)
  5 nagarajas (D)
  Donald (D)
  4 storm dragons (D)
  3 rockslimes (D)
  A draconian monk (D)
  6 azure jellies (D)
  Ilsuiw (D)
  A draconian knight (D)
  Aizul (D)
  A deep elf sorcerer (D)
  2 frost giants (D)
  9 emperor scorpions (D)
  A fire giant (D)
  2 vault wardens (D)
  A fenstrider witch (D)
  Louise (D)
  An orc warlord (D)
  A ghost moth (D)
  A draconian shifter (D)
  A spriggan defender (D)
  3 ironbound preservers (D)
  7 vampire knights (D)
  4 stone giants (D)
  3 draconian annihilators (D)
  4 draconian stormcallers (D)
  3 ironbound thunderhulks (D)
  3 quicksilver oozes (D)
  2 very ugly things (D)
  2 green draconians (D)
  Nessos (D)
  A dire elephant (D)
  3 red draconians (D)
  3 black draconians (D)
  2 deep elf demonologists (D)
  Azrael (D)
  An eleionoma (D)
  5 white draconians (D)
  2 spark wasps (D)
  4 yellow draconians (D)
  2 entropy weavers (D)
  2 purple draconians (D)
  A deep elf annihilator (D)
  3 deep elf death magi (D)
  3 mummy priests (D)
  3 merfolk javelineers (D)
  2 yaktaur captains (D)
  3 ettins (D)
  2 deep elf high priests (D)
  4 fire dragons (D)
  6 merfolk impalers (D)
  A shambling mangrove (D)
  A rakshasa (D)
  5 ice dragons (D)
  An ironbound frostheart (D)
  3 naga warriors (D)
  7 hydras (D)
  25 vault guards (D)
  3 boulder beetles (D)
  2 spriggan air magi (D)
  A radroach (D)
  Erica (D)
  Harold (D)
  An alligator snapping turtle (D)
  3 merfolk aquamancers (D)
  A deep troll shaman (D)
  A vampire mage (D)
  A naga sharpshooter (D)
  5 orc high priests (D)
  3 deep troll earth magi (D)
  2 spriggan berserkers (D)
  12 spriggans (D)
  A tengu warrior (D)
  2 shock serpents (D)
  A sea snake (D)
  Nergalle (D)
  A fire crab (shapeshifter) (D)
  7 swamp dragons (D)
  A glowing orange brain (D)
  A steelbarb worm (D)
  2 goliath frogs (D)
  An orb spider (D)
  A phantasmal warrior (D)
  A lindwurm (D)
  3 orc knights (D)
  A harpy (D)
  2 ironbound convokers (D)
  An orc sorcerer (D)
  2 manticores (D)
  A wolf spider (D)
  3 cyclopes (D)
  9 moths of wrath (D)
  Maurice (D)
  3 guardian serpents (D)
  7 elephants (D)
  3 vault sentinels (D)
  A naga mage (D)
  6 black mambas (D)
  An orange demon (D)
  5 cane toads (D)
  A demonic crawler (D)
  A yaktaur (D)
  2 rime drakes (D)
  A komodo dragon (D)
  A tengu conjurer (D)
  19 guardian mummies (D)
  2 merfolk (D)
  An ancient zyme (D)
  A wandering mushroom (D)
  A wind drake (D)
  A troll (D)
  A bloated husk (D)
  2 hornets (D)
  A meliai (D)
  A troll (shapeshifter) (D)
  A tyrant leech (D)
  A slime creature (D)
  A tarantella (D)
  2 ynoxinuls (D)
  A snapping turtle (D)
  2 large abominations (D)
  3 jumping spiders (D)
  A shadow (D)
  2 yaks (D)
  4 fire elementals (D)
  A wyvern (D)
  A wyvern (shapeshifter) (D)
  4 basilisks (D)
  A golden eye (D)
  Eustachio (D)
  2 redbacks (D)
  A vampire mosquito (D)
  2 nagas (D)
  A water moccasin (D)
  2 hell hounds (D)
  2 acid dragons (D)
  14 orc warriors (D)
  A swamp drake (D)
  A wolf (D)
  2 centaurs (D)
  A bullfrog (D)
  3 small abominations (D)
  11 orc priests (D)
  An iguana (D)
  4 orc wizards (D)
  A white imp (D)
  9 orcs (D)
  An endoplasm (D)
  2 hobgoblins (D)
  A quokka (D)
  A bat (D)
514 creatures vanquished.

Vanquished Creatures (collateral kills)
  2 ancient liches (D)
  A shadow dragon (D)
  A vault warden (D)
  An ironbound preserver (D)
  A vampire knight (D)
  A deep elf death mage (D)
  A great orb of eyes (D)
8 creatures vanquished.

Vanquished Creatures (others)
  A fire giant (D)
  A merfolk aquamancer (D)
  A bloated husk (D)
3 creatures vanquished.

Grand Total: 525 creatures vanquished

Notes
Turn   | Place    | Note
-------+----------+-------------------------------------------
     0 | D        | mhtbhm the Merfolk Berserker began the quest for the Orb.
     0 | D        | Reached XP level 1. HP: 18/18 MP: 1/1
    10 | D        | Banished a spatial maelstrom
    14 | D        | Reached ** piety under Trog
    25 | D        | Reached skill level 5 in Polearms
    59 | D        | Noticed an orc wizard
    59 | D        | Noticed an iguana
    59 | D        | Noticed a centaur
    67 | D        | Reached XP level 2. HP: 20/26 MP: 2/2
    73 | D        | Killed a centaur
    73 | D        | Reached *** piety under Trog
    74 | D        | Reached XP level 3. HP: 13/35 MP: 3/3
    74 | D        | Reached XP level 4. HP: 15/41 MP: 4/4
    79 | D        | Reached skill level 5 in Dodging
    82 | D        | Reached XP level 5. HP: 4/48 MP: 5/5
    85 | D        | Reached **** piety under Trog
    89 | D        | Found a snail-covered altar of Cheibriados.
    89 | D        | Found a shadowy altar of Dithmenos.
    89 | D        | Found a white marble altar of Elyvilon.
    89 | D        | Found a blossoming altar of Fedhas.
    89 | D        | Found an opulent altar of Gozag.
    90 | D        | Found a hazy altar of Hepliaklqana.
    91 | D        | Found a viscous altar of Jiyva.
    92 | D        | Found an ancient bone altar of Kikubaaqudgha.
    93 | D        | Found a corrupted altar of Lugonu.
   108 | D        | Found a burning altar of Makhleb.
   109 | D        | Found a sparkling altar of Nemelex Xobeh.
   110 | D        | Found an iron altar of Okawaru.
   111 | D        | Found a stormy altar of Qazlal.
   112 | D        | Found a sacrificial altar of Ru.
   113 | D        | Found a shimmering blue altar of Sif Muna.
   114 | D        | Found a bloodstained altar of Trog.
   115 | D        | Found a hide-covered altar of Uskayaw.
   116 | D        | Found a radiant altar of Vehumet.
   117 | D        | Found an ornate altar of the Wu Jian Council.
   118 | D        | Found a shimmering altar of Xom.
   119 | D        | Found a basalt altar of Yredelemnul.
   120 | D        | Found a glowing silver altar of Zin.
   121 | D        | Found a glowing golden altar of the Shining One.
   348 | D        | Noticed a centaur
   348 | D        | Noticed a shadow
   348 | D        | Noticed an acid dragon
   348 | D        | Noticed a wyvern
   348 | D        | Noticed a yak
   356 | D        | Killed a yak
   357 | D        | Reached XP level 6. HP: 58/58 MP: 6/6
   359 | D        | Killed a wyvern
   360 | D        | Reached XP level 7. HP: 65/65 MP: 7/7
   364 | D        | Reached skill level 10 in Fighting
   366 | D        | Killed a shadow
   366 | D        | Reached ***** piety under Trog
   369 | D        | Identified the +8 glaive of Revolt {flame, *Corrode rC+ rN+
                  | Dex+3} (Trog gifted it to you in the Dungeon)
   369 | D        | Received a gift from Trog
   468 | D        | Noticed a vampire mosquito
   468 | D        | Noticed a slime creature
   468 | D        | Noticed a cyclops
   468 | D        | Noticed a meliai
   468 | D        | Noticed a basilisk
   471 | D        | Killed a basilisk
   472 | D        | Reached XP level 8. HP: 75/75 MP: 8/8
   473 | D        | Killed a meliai
   474 | D        | Reached skill level 15 in Polearms
   479 | D        | Killed a cyclops
   480 | D        | Reached skill level 10 in Dodging
   482 | D        | Killed a slime creature
   483 | D        | Reached XP level 9. HP: 79/83 MP: 9/9
   612 | D        | Noticed Eustachio
   619 | D        | Killed Eustachio
   619 | D        | Received a gift from Trog
   620 | D        | Reached skill level 5 in Armour
   716 | D        | Noticed a cane toad
   716 | D        | Noticed a cane toad
   716 | D        | Noticed a cane toad
   718 | D        | Noticed a cane toad
   723 | D        | Killed a cane toad
   723 | D        | Noticed a cane toad
   727 | D        | Killed a cane toad
   779 | D        | Killed a cane toad
   783 | D        | Killed a cane toad
   784 | D        | Reached XP level 10. HP: 94/94 MP: 10/10
   787 | D        | Killed a cane toad
   789 | D        | Received a gift from Trog
   936 | D        | Noticed a four-headed hydra
   936 | D        | Noticed a boulder beetle
   936 | D        | Noticed a black mamba
   940 | D        | Killed a black mamba
   946 | D        | Killed a boulder beetle
   950 | D        | Reached skill level 1 in Stealth
   951 | D        | Killed a two-headed hydra
   952 | D        | Reached skill level 15 in Fighting
   954 | D        | Received a gift from Trog
  1109 | D        | Noticed an elephant
  1109 | D        | Noticed a dire elephant
  1109 | D        | Noticed an elephant
  1109 | D        | Noticed an elephant
  1109 | D        | Noticed an elephant
  1109 | D        | Noticed an elephant
  1113 | D        | Killed an elephant
  1114 | D        | Reached XP level 11. HP: 103/103 MP: 11/11
  1124 | D        | Killed a dire elephant
  1124 | D        | Reached ****** piety under Trog
  1124 | D        | Received a gift from Trog
  1263 | D        | Noticed Maurice
  1278 | D        | Killed Maurice
  1378 | D        | Received a gift from Trog
  1401 | D        | Received a gift from Trog
  1521 | D        | Noticed an orc knight
  1521 | D        | Noticed an orc knight
  1521 | D        | Noticed an orc sorcerer
  1521 | D        | Paralysed by an orc sorcerer for 5 turns
  1755 | D        | Killed an orc knight
  2010 | D        | Killed an orc sorcerer
  2045 | D        | Received a gift from Trog
  2075 | D        | Killed an orc knight
  2141 | D        | Found Cecsate's Armour Boutique.
  2141 | D        | Noticed an orc high priest
  2141 | D        | Noticed an orc high priest
  2142 | D        | Received a gift from Trog
  2143 | D        | Noticed an orc high priest
  2145 | D        | Killed an orc high priest
  2146 | D        | Reached XP level 12. HP: 100/115 MP: 12/12
  2149 | D        | Found Estukieq's Assorted Antiques.
  2155 | D        | Killed an orc high priest
  2156 | D        | Killed an orc high priest
  2164 | D        | Noticed an orc high priest
  2170 | D        | Killed an orc high priest
  2214 | D        | Found Jifaa's Antique Armour Boutique.
  2218 | D        | Found Figadgh's Antique Weapon Shop.
  2222 | D        | Noticed an orc high priest
  2226 | D        | Noticed a soul eater
  2234 | D        | Received a gift from Trog
  2240 | D        | Killed an orc high priest
  2427 | D        | Bought the +1 pair of boots of Liavizug {Str+2} for 227
                  | gold pieces
  2429 | D        | Bought a condenser vane for 1040 gold pieces
  2437 | D        | Bought a scroll labelled DEYNYTU QESTRI for 26 gold pieces
  2437 | D        | Bought a scroll labelled DEYNYTU QESTRI for 26 gold pieces
  2492 | D        | Noticed Erica
  2497 | D        | Killed Erica
  2568 | D        | Noticed Harold
  2575 | D        | Killed Harold
  2575 | D        | Received a gift from Trog
  2681 | D        | Noticed a boulder beetle
  2681 | D        | Noticed a seven-headed hydra
  2681 | D        | Noticed a rakshasa
  2700 | D        | Killed a rakshasa
  2701 | D        | Reached skill level 27 in Polearms
  2701 | D        | Noticed a stone giant
  2876 | D        | Killed a three-headed hydra
  2878 | D        | Received a gift from Trog
  2880 | D        | Killed a boulder beetle
  2884 | D        | Noticed an ice dragon
  2885 | D        | Noticed a fire dragon
  2888 | D        | Killed a stone giant
  2889 | D        | Noticed a spriggan air mage
  2891 | D        | Noticed a vampire mage
  2893 | D        | Killed an ice dragon
  2898 | D        | Noticed a jiangshi
  3325 | D        | Killed a fire dragon
  3326 | D        | Reached skill level 15 in Dodging
  3331 | D        | Killed a spriggan air mage
  3331 | D        | Received a gift from Trog
  3578 | D        | Killed a vampire mage
  3579 | D        | Reached XP level 13. HP: 122/130 MP: 7/13
  3660 | D        | Noticed a spark wasp
  3666 | D        | Killed a spark wasp
  3702 | D        | Noticed Azrael
  3720 | D        | Killed Azrael
  3720 | D        | Received a gift from Trog
  3904 | D        | Noticed Nessos
  3935 | D        | Killed Nessos
  4375 | D        | Noticed an entropy weaver
  4381 | D        | Received a gift from Trog
  4384 | D        | Killed an entropy weaver
  4385 | D        | Reached skill level 10 in Armour
  4395 | D        | Reached skill level 1 in Evocations
  4509 | D        | Noticed an eleionoma
  4511 | D        | Noticed a shambling mangrove
  4516 | D        | Killed an eleionoma
  4519 | D        | Received a gift from Trog
  4522 | D        | Noticed a fenstrider witch
  4530 | D        | Killed a shambling mangrove
  4536 | D        | Received a gift from Trog
  4536 | D        | Paralysed by a fenstrider witch for 3 turns
  4540 | D        | Killed a fenstrider witch
  4777 | D        | Reached skill level 5 in Stealth
  4777 | D        | Noticed a merfolk impaler
  4789 | D        | Received a gift from Trog
  4796 | D        | Killed a merfolk impaler
  5133 | D        | Received a gift from Trog
  5142 | D        | Reached XP level 14. HP: 148/148 MP: 3/14
  5353 | D        | Noticed Saint Roka
  5357 | D        | Received a gift from Trog
  5359 | D        | Noticed Nergalle
  5368 | D        | Killed Saint Roka
  5378 | D        | Killed Nergalle
  5440 | D        | Noticed Donald
  5452 | D        | Killed Donald
  5452 | D        | Received a gift from Trog
  5595 | D        | Noticed a fire giant
  5595 | D        | Noticed a fire giant
  5606 | D        | Killed a fire giant
  5607 | D        | Reached skill level 1 in Throwing
  5610 | D        | Noticed a stone giant
  5616 | D        | Identified the +4 glaive of Reapportionment {flame, rElec
                  | Will+} (Trog gifted it to you in the Dungeon)
  5616 | D        | Received a gift from Trog
  5618 | D        | Noticed a vampire knight
  5620 | D        | Reached skill level 27 in Fighting
  5625 | D        | Noticed a frost giant
  5630 | D        | Paralysed by something for 7 turns
  5634 | D        | Noticed a shadow dragon
  5642 | D        | Killed a vampire knight
  6051 | D        | Killed a fire giant
  6352 | D        | Killed a stone giant
  6481 | D        | Killed a shadow dragon
  6481 | D        | Received a gift from Trog
  6506 | D        | Killed a frost giant
  6507 | D        | Reached skill level 1 in Shields
  6531 | D        | HP: 5/153 [ice dragon/blast of cold (43)]
  7013 | D        | Noticed a stone giant
  7026 | D        | Killed a stone giant
  7026 | D        | Received a gift from Trog
  7203 | D        | Noticed a spriggan defender
  7215 | D        | Killed a spriggan defender
  7383 | D        | Noticed an ironbound preserver
  7383 | D        | Noticed an ironbound preserver
  7383 | D        | Noticed an ironbound preserver
  7390 | D        | Killed an ironbound preserver
  7390 | D        | Received a gift from Trog
  7392 | D        | Noticed an orc warlord
  7395 | D        | Reached skill level 15 in Armour
  7395 | D        | Noticed a red very ugly thing
  7404 | D        | Killed an ironbound preserver
  7408 | D        | Killed an ironbound preserver
  7408 | D        | Received a gift from Trog
  7411 | D        | Noticed an ironbound thunderhulk
  7412 | D        | Killed an orc warlord
  7413 | D        | Reached XP level 15. HP: 135/159 MP: 0/15
  7418 | D        | Noticed a vault warden
  7442 | D        | Received a gift from Trog
  7449 | D        | Reached skill level 5 in Shields
  7454 | D        | Killed a vault warden
  7483 | D        | Noticed a vault warden
  7488 | D        | HP: 5/159 [ironbound thunderhulk/+0 dire flail (29)]
  7490 | D        | HP: 1/159 [ironbound thunderhulk/+0 dire flail (21)]
  7497 | D        | Killed a vault warden
  7564 | D        | Received a gift from Trog
  7565 | D        | Reached skill level 5 in Evocations
  7703 | D        | Noticed a sphinx
  7706 | D        | Killed a sphinx
  7814 | D        | Noticed Louise
  7838 | D        | Killed Louise
  7838 | D        | Received a gift from Trog
  8170 | D        | Received a gift from Trog
  8323 | D        | Got a decaying rune of Zot
  8339 | D        | Noticed Ilsuiw
  8342 | D        | Received a gift from Trog
  8346 | D        | Reached skill level 10 in Shields
  8373 | D        | Received a gift from Trog
  8376 | D        | Killed Ilsuiw
  8401 | D        | Received a gift from Trog
  8419 | D        | Got a barnacled rune of Zot
  8542 | D        | Noticed an emperor scorpion
  8542 | D        | Noticed an emperor scorpion
  8542 | D        | Noticed an emperor scorpion
  8542 | D        | Noticed an emperor scorpion
  8559 | D        | Killed an emperor scorpion
  8575 | D        | Killed an emperor scorpion
  8580 | D        | Killed an emperor scorpion
  8591 | D        | Killed an emperor scorpion
  8591 | D        | Received a gift from Trog
  8609 | D        | Killed a ghost moth
  8610 | D        | Reached XP level 16. HP: 161/167 MP: 1/16
  8664 | D        | Reached skill level 15 in Shields
  8791 | D        | Received a gift from Trog
  8794 | D        | Got a gossamer rune of Zot
  8897 | D        | Noticed a nagaraja
  8898 | D        | Noticed a nagaraja
  8902 | D        | Noticed a nagaraja
  8906 | D        | Killed a nagaraja
  8914 | D        | Noticed a nagaraja
  8915 | D        | Killed a nagaraja
  8915 | D        | Identified the +4 spear "Zeaga" {vorpal, Fragile rCorr
                  | Str+6 SInv} (Trog gifted it to you in the Dungeon)
  8915 | D        | Received a gift from Trog
  8923 | D        | Killed a nagaraja
  8923 | D        | Received a gift from Trog
  8924 | D        | Noticed a nagaraja
  8928 | D        | Killed a nagaraja
  8936 | D        | Killed a nagaraja
  8944 | D        | Received a gift from Trog
  8950 | D        | Got a serpentine rune of Zot
  9086 | D        | Noticed Aizul
  9109 | D        | Killed Aizul
  9179 | D        | Noticed Xtahua
  9198 | D        | Killed Xtahua
  9260 | D        | Identified the +6 spear "Moyw" {flame, rF+ Will+} (Trog
                  | gifted it to you in the Dungeon)
  9260 | D        | Received a gift from Trog
  9300 | D        | Received a gift from Trog
  9466 | D        | Received a gift from Trog
  9545 | D        | Received a gift from Trog
  9672 | D        | Noticed a titan
  9672 | D        | Noticed a tengu reaver
  9680 | D        | Killed a tengu reaver
  9681 | D        | Noticed a titan
  9689 | D        | Received a gift from Trog
  9706 | D        | Killed a titan
  9708 | D        | Noticed a shadow dragon
  9709 | D        | Received a gift from Trog
  9715 | D        | Killed a titan
  9716 | D        | Reached XP level 17. HP: 76/174 MP: 0/17
  9852 | D        | Received a gift from Trog
  9985 | D        | Noticed Mnoleg
  9985 | D        | Noticed an Orb Guardian
  9997 | D        | Killed an Orb Guardian
 10025 | D        | Killed Mnoleg
 10026 | D        | Noticed an ancient lich
 10027 | D        | Received a gift from Trog
 10053 | D        | Killed an ancient lich
 10054 | D        | Noticed an Orb Guardian
 10054 | D        | Noticed a sphinx
 10057 | D        | Received a gift from Trog
 10064 | D        | Killed an Orb Guardian
 10065 | D        | Killed a sphinx
 10192 | D        | Noticed a titan
 10192 | D        | Noticed a quicksilver dragon
 10192 | D        | Noticed a quicksilver dragon
 10195 | D        | Noticed an ancient lich
 10204 | D        | Received a gift from Trog
 10205 | D        | Killed a quicksilver dragon
 10207 | D        | Killed a quicksilver dragon
 10212 | D        | Killed a titan
 10216 | D        | Killed an ancient lich
 10221 | D        | Identified the +7 glaive of Pejaarah {flame, Dex+3} (Trog
                  | gifted it to you in the Dungeon)
 10221 | D        | Received a gift from Trog
 10324 | D        | Got a silver rune of Zot
 10388 | D        | Reached skill level 27 in Shields
 10400 | D        | Noticed Sojobo
 10422 | D        | Killed Sojobo
 10433 | D        | Received a gift from Trog
 10434 | D        | Reached skill level 5 in Throwing
 10600 | D        | Got the ring of Pooti {Fire Stlth+}
 10602 | D        | Got the ring "Ferut" {*Slow rPois rF+ Int+2 Dex+3}
 10604 | D        | Got the amulet of Osirchy {Reflect Harm Str+2 Slay+2 SH+5}
 10606 | D        | Got the ring of Biesut {Drain rF+ Will+ Int+3 Stlth+}
 10608 | D        | Got the ring of the Turtle {Fire Int+3}
 10648 | D        | Got the +5 demon trident of True Grit {freeze, Dex+6}
 10662 | D        | Got the +0 cloak of Mumblety Peg {Rampage rPois Slay+3}
 10726 | D        | Noticed Frederick
 10727 | D        | Noticed Mara
 10743 | D        | Killed Frederick
 10754 | D        | Noticed mhtbhm's illusion
 10780 | D        | Noticed mhtbhm's illusion
 10796 | D        | Killed Mara
 10920 | D        | Noticed Nikola
 10932 | D        | Killed Nikola
 11015 | D        | Noticed a golden dragon
 11028 | D        | Received a gift from Trog
 11029 | D        | Reached XP level 18. HP: 182/182 MP: 0/18
 11050 | D        | Killed a golden dragon
 11057 | D        | Identified the +11 spear "Fiwajy" {vorpal, rPois rF+ Dex+3}
                  | (Trog gifted it to you in the Dungeon)
 11057 | D        | Received a gift from Trog
 11159 | D        | Noticed a golden dragon
 11159 | D        | Noticed a bone dragon
 11159 | D        | Noticed a bone dragon
 11160 | D        | Noticed a bone dragon
 11180 | D        | Killed a bone dragon
 11191 | D        | Killed a bone dragon
 11205 | D        | Killed a bone dragon
 11215 | D        | Killed a golden dragon
 11216 | D        | Reached skill level 27 in Armour
 11216 | D        | Reached skill level 10 in Evocations
 11224 | D        | Reached skill level 10 in Throwing
 11230 | D        | Received a gift from Trog
 11413 | D        | Received a gift from Trog
 11552 | D        | Noticed a quicksilver dragon
 11560 | D        | Killed a quicksilver dragon
 11560 | D        | Noticed a tentacled monstrosity
 11561 | D        | Reached skill level 15 in Throwing
 11563 | D        | Received a gift from Trog
 11574 | D        | Killed a tentacled monstrosity
 11701 | D        | Noticed a tentacled monstrosity
 11701 | D        | Noticed a quicksilver dragon
 11706 | D        | Identified the +9 spear "Jab Doidd" {vorpal, rElec Dex+4}
                  | (Trog gifted it to you in the Dungeon)
 11706 | D        | Received a gift from Trog
 11710 | D        | Killed a tentacled monstrosity
 11710 | D        | Killed a quicksilver dragon
 11896 | D        | Received a gift from Trog
 11896 | D        | Noticed a tentacled monstrosity
 11897 | D        | Reached skill level 15 in Evocations
 11914 | D        | Killed a tentacled monstrosity
 12172 | D        | Noticed an Orb Guardian
 12172 | D        | Noticed an Orb Guardian
 12172 | D        | Noticed an Orb Guardian
 12172 | D        | Noticed an Orb Guardian
 12172 | D        | Noticed an Orb Guardian
 12179 | D        | Killed an Orb Guardian
 12179 | D        | Received a gift from Trog
 12185 | D        | Killed an Orb Guardian
 12192 | D        | Killed an Orb Guardian
 12198 | D        | Killed an Orb Guardian
 12206 | D        | Killed an Orb Guardian
 12318 | D        | Noticed an Orb Guardian
 12319 | D        | Noticed an Orb Guardian
 12319 | D        | Noticed an Orb Guardian
 12320 | D        | Noticed an Orb Guardian
 12329 | D        | Killed an Orb Guardian
 12335 | D        | Killed an Orb Guardian
 12335 | D        | Received a gift from Trog
 12336 | D        | Reached XP level 19. HP: 178/189 MP: 6/19
 12574 | D        | Noticed a golden dragon
 12582 | D        | Killed a golden dragon
 12631 | D        | Received a gift from Trog
 12759 | D        | Noticed an ancient lich
 12769 | D        | Killed an ancient lich
 12924 | D        | Noticed an orb of fire
 12936 | D        | Killed an orb of fire
 12973 | D        | Noticed an electric golem
 12984 | D        | Killed an electric golem
 13028 | D        | Noticed an ancient lich
 13028 | D        | Noticed an electric golem
 13035 | D        | Received a gift from Trog
 13043 | D        | Killed an electric golem
 13044 | D        | Reached skill level 27 in Throwing
 13044 | D        | Noticed an orb of fire
 13049 | D        | Killed an ancient lich
 13096 | D        | Noticed an ancient lich
 13102 | D        | Killed an orb of fire
 13106 | D        | Received a gift from Trog
 13110 | D        | Killed an ancient lich
 13123 | D        | Noticed an orb of fire
 13130 | D        | Gained mutation: You tend to lose your temper in combat.
                  | [an orb of fire]
 13162 | D        | Gained mutation: Your body sometimes deteriorates upon
                  | taking damage. [an orb of fire]
 13163 | D        | Gained mutation: You are clumsy. (Dex -2) [an orb of fire]
 13164 | D        | Killed an orb of fire
 13168 | D        | Received a gift from Trog
 13295 | D        | Received a gift from Trog
 13296 | D        | Reached skill level 10 in Stealth
 13396 | D        | Identified the +11 morningstar of Trog's Generosity
                  | {vorpal, rF- rC+ Int-2 Dex+8} (Trog gifted it to you in the
                  | Dungeon)
 13396 | D        | Received a gift from Trog
 13588 | D        | Noticed an ancient lich
 13612 | D        | Noticed an ancient lich
 13615 | D        | Noticed an ancient lich
 13621 | D        | Paralysed by a vampire knight for 4 turns
 13627 | D        | Received a gift from Trog
 13628 | D        | Reached skill level 27 in Evocations
 13629 | D        | Killed an ancient lich
 13630 | D        | Reached XP level 20. HP: 93/197 MP: 1/20
 13631 | D        | Received a gift from Trog
 13632 | D        | Killed an ancient lich
 13635 | D        | Killed an ancient lich
 13957 | D        | Received a gift from Trog
 13984 | D        | Received a gift from Trog
 14090 | D        | Received a gift from Trog
 14130 | D        | Received a gift from Trog
 14159 | D        | Got an elven rune of Zot
 14178 | D        | Reached skill level 27 in Stealth
 14182 | D        | Received a gift from Trog
 14183 | D        | Reached skill level 1 in Short Blades
 14183 | D        | Reached skill level 1 in Long Blades
 14183 | D        | Reached skill level 1 in Unarmed Combat
 14183 | D        | Reached skill level 1 in Invocations
 14188 | D        | Reached skill level 1 in Axes
 14188 | D        | Reached skill level 1 in Maces & Flails
 14188 | D        | Reached skill level 1 in Staves
 14188 | D        | Reached skill level 1 in Slings
 14188 | D        | Reached skill level 1 in Bows
 14188 | D        | Reached skill level 1 in Crossbows
 14350 | D        | Noticed the Royal Jelly
 14366 | D        | Killed the Royal Jelly
 14366 | D        | Received a gift from Trog
 14367 | D        | Reached skill level 5 in Short Blades
 14367 | D        | Reached skill level 5 in Long Blades
 14367 | D        | Reached skill level 5 in Unarmed Combat
 14367 | D        | Reached skill level 5 in Invocations
 14508 | D        | Got a slimy rune of Zot
 14521 | D        | Received a gift from Trog
 14733 | D        | Identified the +9 broad axe "Bevvoeva" {antimagic, rPois
                  | rN+ rCorr} (Trog gifted it to you in the Dungeon)
 14733 | D        | Received a gift from Trog
 14736 | D        | Reached skill level 5 in Axes
 14736 | D        | Reached skill level 5 in Maces & Flails
 14736 | D        | Reached skill level 5 in Staves
 14736 | D        | Reached skill level 5 in Slings
 14736 | D        | Reached skill level 5 in Bows
 14736 | D        | Reached skill level 5 in Crossbows
 14737 | D        | Received a gift from Trog
 14752 | D        | Received a gift from Trog
 14852 | D        | Received a gift from Trog
 15082 | D        | Received a gift from Trog
 15202 | D        | Noticed a royal mummy
 15202 | D        | Noticed a royal mummy
 15202 | D        | Noticed a royal mummy
 15202 | D        | Noticed a royal mummy
 15203 | D        | Noticed a royal mummy
 15205 | D        | Killed a royal mummy
 15205 | D        | Received a gift from Trog
 15206 | D        | Reached skill level 10 in Short Blades
 15206 | D        | Reached XP level 21. HP: 26/204 MP: 25/27
 15222 | D        | Killed a royal mummy
 15402 | D        | Killed a royal mummy
 15402 | D        | Received a gift from Trog
 15403 | D        | Reached skill level 10 in Long Blades
 15422 | D        | Killed a royal mummy
 15599 | D        | Killed a royal mummy
 15726 | D        | Noticed a royal mummy
 15741 | D        | Killed a royal mummy
 15742 | D        | Reached skill level 10 in Unarmed Combat
 15742 | D        | Reached skill level 10 in Invocations
 15745 | D        | Got a golden rune of Zot
 15776 | D        | Lost mutation: You are clumsy. (Dex -2) [potion of
                  | mutation]
 15776 | D        | Lost mutation: You tend to lose your temper in combat.
                  | [potion of mutation]
 15776 | D        | Gained mutation: Your flesh is heat resistant. (rF+)
                  | [potion of mutation]
 15776 | D        | Gained mutation: Your flesh is cold resistant. (rC+)
                  | [potion of mutation]
 15776 | D        | Gained mutation: Your flesh is very cold resistant. (rC++)
                  | [potion of mutation]
 15798 | D        | Received a gift from Trog
 15826 | D        | Got an abyssal rune of Zot
 16027 | D        | Noticed Geryon
 16084 | D        | Killed Geryon
 16220 | D        | Found the +4 staff of Dispater
 16220 | D        | Noticed Dispater
 16220 | D        | Noticed Gloorx Vloq
 16224 | D        | Noticed Lom Lobon
 16229 | D        | Found the +6 sword of Cerebov {flame}
 16229 | D        | Noticed Cerebov
 16244 | D        | HP: 7/204 [poisoned by Gloorx Vloq (dark miasma)]
 16244 | D        | Killed from afar by Gloorx Vloq

Illustrated notes

Levels and vault maps discovered:
D:        linesprint [early_d, line_temple, items_1, d_10, items_2, lair_1,
          lair_end, items_3, orc_1, orc_end, items_4, d_15, swamp_1, shoals_1,
          snake_1, spider_1, d_20, vaults_1, items_5, swamp_end, shoals_end,
          snake_end, spider_end, vaults_end, d_27, items_6, zot_1, zot_end,
          crypt_end, forest_end, elf_end, slime_end, tomb_end, abyss_end,
          pan_hell_end]

Skill      XL: |  1  2  3  4  5  6  7  8  9 10 11 12 13 14 15 16 17 18 19 20 21 |
---------------+----------------------------------------------------------------+-----
Dodging        | 3 4 5 7 9 10 11 12 13 15 17 19 21 23 | 23.9
Fighting       | 4 6 7 9 11 12 14 15 17 21 25 27 | 27.0
Polearms       | 5 8 9 11 12 14 17 19 22 25 27 | 27.0
Armour         | 2 3 4 5 6 7 9 11 15 19 22 25 27 | 27.0
Stealth        | 1 2 4 5 16 27 | 27.0
Evocations     | 2 4 6 7 9 16 27 | 27.0
Throwing       | 1 7 22 27 | 27.0
Shields        | 4 14 23 27 | 27.0
Short Blades   | 10 11 | 11.7
Long Blades    | 9 11 | 11.1
Unarmed Combat | 8 10 | 10.3
Invocations    | 8 10 | 10.3
Axes           | 6 7 |  7.8
Maces & Flails | 6 7 |  7.8
Staves         | 6 7 |  7.8
Slings         | 6 7 |  7.8
Bows           | 6 7 |  7.8
Crossbows      | 6 7 |  7.8

Action                   |  1- 3 |  4- 6 |  7- 9 | 10-12 | 13-15 | 16-18 | 19-21 || total
-------------------------+-------+-------+-------+-------+-------+-------+-------++-------
Melee: Spear             |    31 |    11 |       |       |       |       |       ||    42
       Halberd           |       |    10 |     8 |       |       |       |       ||    18
       Glaive            |       |       |    34 |   217 |   164 |       |       ||   415
       Demon trident     |       |       |       |       |   429 |   892 |   674 ||  1995
       Tailslap          |       |       |       |       |     6 |       |       ||     6
Throw: Throwing net      |       |       |       |       |     1 |     1 |       ||     2
       Javelin           |       |       |       |       |       |    22 |    27 ||    49
Invok: Berserk           |     1 |     1 |     2 |     7 |    18 |     8 |    10 ||    47
       Brothers in Arms  |       |       |       |     1 |     4 |     4 |     1 ||    10
       Trog's Hand       |       |       |       |       |     1 |       |     2 ||     3
Evoke: Wand              |       |       |       |       |     4 |     3 |       ||     7
       Condenser vane    |       |       |       |       |     4 |     8 |    10 ||    22
  Use: Potion            |     1 |       |       |     1 |    13 |     3 |     3 ||    21
       Scroll            |       |       |       |     6 |     3 |     6 |     9 ||    24
 Stab: Distracted        |       |       |       |       |       |       |     2 ||     2
       Sleeping          |       |       |       |       |       |       |     6 ||     6
Armor: Animal skin       |     4 |       |       |       |       |       |       ||     4
       Ring mail         |       |     1 |     1 |       |       |       |       ||     2
       Acid dragon scale |       |       |     1 |    10 |       |       |       ||    11
       Swamp dragon scal |       |       |       |    11 |    19 |       |       ||    30
       Chain mail        |       |       |       |       |    51 |       |       ||    51
       Gold dragon scale |       |       |       |       |   170 |   268 |   171 ||   609
Dodge: Dodged            |    17 |     6 |    16 |    55 |   225 |   180 |    95 ||   594
Block: Kite shield       |       |       |       |       |   167 |   307 |   278 ||   752
       Reflection        |       |       |       |       |     1 |     7 |     3 ||    11

Table legend: (Time is in decaauts) A = Elapsed time spent in this place. B = Non-inter-level travel time spent in this place. C = Inter-level travel time spent in this place. D = Time resting spent in this place. E = Time spent auto-exploring this place. F = Levels seen in this place. G = Mean time per level. A B C D E F G +--------+--------+--------+--------+--------+-----+--------+ Total | 15749 | 15749 | 0 | 7704 | 3467 | 1 | 15749.0 | Dungeon | 15749 | 15749 | 0 | 7704 | 3467 | 1 | 15749.0 | +--------+--------+--------+--------+--------+-----+--------+

Top non-repeatable levels by time:
       D: 15749 daAuts
